 Dungeon Crawl Stone Soup version 0.17-a0-2122-g03d97ec (webtiles) character file.

64 sqwarecircle the Ruffian (level 3, -1/34 HPs)
             Began as a Minotaur Monk on Oct 21, 2015.
             Slain by lagrange's ghost (4 damage)
             ... on level 3 of the Dungeon.
             The game lasted 00:10:07 (2169 turns).

sqwarecircle the Ruffian (Minotaur Monk)            Turns: 2169, Time: 00:10:07

Health: -1/34      AC:  2    Str: 16    XL:     3   Next: 91%
Magic:  2/2        EV: 13    Int:  7    God:
Gold:   115        SH:  0    Dex: 12    Spells: 0 memorised, 2 levels left

rFire  . . .     SeeInvis .       - Unarmed
rCold  . . .     Clarity  .     p - +0 robe
rNeg   . . .     SustAt   .     (no shield)
rPois  .         Gourm    .     (helmet restricted)
rElec  .         Spirit   .     (no cloak)
rCorr  .         Warding  .     (no gloves)
rMut   .         Stasis   .     (no boots)
MR     .....                    (no amulet)
Stlth  ++........               (no ring)
                                (no ring)

@: not resistant to hostile enchantments, unstealthy
A: retaliatory headbutt, horns 2
a: no special abilities


You were on level 3 of the Dungeon.
You were not hungry.

You visited 1 branch of the dungeon, and saw 3 of its levels.

You collected 115 gold pieces.

Inventory:

Hand Weapons
 m - a +0 hunting sling
Missiles
 l - 13 bolts of frost
 q - 5 curare-tipped needles
 s - 11 bolts
Armour
 a - a +0 robe
 p - a +0 robe (worn)
 r - a +0 ring mail
Scrolls
 c - a scroll of identify {unknown}
 d - a scroll of remove curse {unknown}
 e - a scroll of fog {unknown}
 j - a scroll of amnesia {unknown}
Potions
 f - a potion of mutation {unknown}
 g - a potion of might {unknown}
 h - a potion of heal wounds {unknown}
 k - a potion of poison {unknown}
 n - a potion of brilliance {unknown}
 o - a potion of curing {unknown}
Comestibles
 b - a bread ration
 i - 3 fruits


   Skills:
 + Level 4.5 Fighting
 + Level 3.7 Dodging
 + Level 2.3 Stealth
 + Level 4.8 Unarmed Combat


You had 2 spell levels left.
You didn't know any spells.

Dungeon Overview and Level Annotations

Branches:
Dungeon (3/15)

Altars:
Cheibriados
Gozag
Okawaru
Yredelemnul

Annotations:
D:3 lagrange's ghost, amateur CeFi


Innate Abilities, Weirdness & Mutations

You reflexively headbutt those who attack you in melee.
You have a pair of horns on your head.


Message History

The giant cockroach is heavily wounded.
Lagrange's ghost misses you. The giant cockroach barely misses you.
You closely miss the giant cockroach. You headbutt the giant cockroach.
You kill the giant cockroach!
Lagrange's ghost completely misses you. You furiously retaliate!
You headbutt lagrange's ghost.
You hit lagrange's ghost but do no damage.
You headbutt lagrange's ghost.
Lagrange's ghost is moderately damaged.
Lagrange's ghost hits you! Lagrange's ghost burns you.
A hobgoblin comes into view. It is wielding a club.
Lagrange's ghost misses you. You furiously retaliate!
You headbutt lagrange's ghost.
Found a stone staircase leading up.
An adder comes into view.
Lagrange's ghost closely misses you. Lagrange's ghost hits you!
* * * LOW HITPOINT WARNING * * *
Lagrange's ghost burns you.
You die...

##.. ...... .. ....####
#....## #. ......#
#.....##. #.. #......
......... #... #..##.#
#.....# ##...###..##.#
#....##.
.....S....##.###.#.....
#..............†...#
###.@W........##.#
#<###g#.###...... #.
.........####.#
..#.###.##### # .....
#.# ##### #.# ...


You could see lagrange's ghost, an adder (sleeping) and a hobgoblin.

Vanquished Creatures
  3 adders (D:2)
  A ball python (D:1)
  2 giant cockroaches
  8 hobgoblins
  3 kobolds
  A quokka (D:2)
  2 bats
  A giant gecko (D:1)
  A giant newt (D:2)
  6 goblins
  7 rats
35 creatures vanquished.

Notes
Turn   | Place    | Note
--------------------------------------------------------------
     0 | D:1      | sqwarecircle the Minotaur Monk began the quest for the Orb.
     0 | D:1      | Reached XP level 1. HP: 19/19 MP: 0/0
   238 | D:1      | Reached XP level 2. HP: 25/27 MP: 1/1
   633 | D:2      | Found an iron altar of Okawaru.
   672 | D:2      | Reached XP level 3. HP: 19/33 MP: 2/2
   896 | D:2      | Found a basalt altar of Yredelemnul.
  1481 | D:2      | Found a snail-covered altar of Cheibriados.
  2116 | D:3      | Found an opulent altar of Gozag.
  2153 | D:3      | Noticed lagrange's ghost (amateur CeFi)
  2169 | D:3      | Slain by lagrange's ghost

Vault maps used:
D:1:      lightli_arrival_windingriver
D:2:      cheibriados_altar_1, lemuel_doored_altar, lemuel_round_altar,
          feat_on_display
D:3:      nicolae_gozag_cash_rules_everything_around_me, first_bread,
          serial_park_tiny_2, uniq_robin

Action                   || total
-------------------------++-------
Melee: Unarmed           ||    79
 Stab: Sleeping          ||     2
  Eat: Bread ration      ||     1
